 Dungeon Crawl Stone Soup version 0.31-a0-1074-g0b22e4e0f1 (webtiles) character file.

Game seed: 604197370357890980

5049 Rennog the Mimic (level 10, -1/98 HPs)
             Began as a Troll Shapeshifter on Dec 5, 2023.
             Was an Initiate of Okawaru.
             Slain by a thrashing horror (8 damage)
             ... on level 2 of the Abyss.
             The game lasted 00:19:04 (6827 turns).

Rennog the Mimic (Troll Shapeshifter)               Turns: 6827, Time: 00:19:05

Health: -1/98      AC:  3    Str: 26    XL:     10   Next: 30%
Magic:  7/9        EV: 12    Int: 12    God:    Okawaru [......]
Gold:   923        SH:  0    Dex: 11    Spells: 9/9 levels left

rFire   x x          .
                       - Unarmed
rCold   . . .        (shield currently unavailable)
rNeg    + . .        a - +0 animal skin
rPois   .            (helmet restricted)
rElec   .            A - +0 cloak
rCorr   .            (gloves unavailable)
SInv    .            (boots unavailable)
Will    .....        (no amulet)
Stlth   +++          f - ring of positive energy
HPRegen 1.16/turn    l - +6 ring of intelligence
MPRegen 0.11/turn

%: no passive effects
@: about to teleport, blade hands, heroic, hasted, very quick
A: large, unfitting armour, (claws 3), regeneration 1, shaggy fur 1, tough skin
1, [deformed body], [heat vulnerability 2]
a: Begin Untransformation, Renounce Religion


You were on level 2 of the Abyss.
You worshipped Okawaru.
Okawaru was noncommittal.
You had blades for hands.
You visited 1 branch of the dungeon, and saw 8 of its levels.
You visited the Abyss 1 time.
You also visited: Bailey.

You collected 923 gold pieces.

Inventory:

Armour
 a - a +0 animal skin (worn)
 b - the +0 cloak "Kesias" {-Tele Drain rF++ rC+++}
   (You acquired it in a bailey)

   rF++:      It greatly protects you from fire.
   rC+++:     It renders you almost immune to cold.
   -Tele:     It prevents most forms of teleportation.
   Drain:     It drains your maximum health when unequipped.
 A - a +0 cloak (worn)
Jewellery
 f - a ring of positive energy (left blade hand)
 l - a +6 ring of intelligence (right blade hand)
 t - an amulet of faith
 y - a ring of ice
Talismans
 c - a beast talisman
 d - a flux talisman
 j - a blade talisman (active)
 m - a storm talisman
Wands
 x - a wand of flame (21)
 G - a wand of iceblast (7)
Scrolls
 h - 2 scrolls of revelation
 i - 2 scrolls of noise
 q - a scroll of brand weapon
 u - 2 scrolls of amnesia
 v - 2 scrolls of poison
 C - a scroll of summoning
 D - a scroll of identify
Potions
 e - 2 potions of haste
 g - 3 potions of curing {unknown}
 k - a potion of mutation {unknown}
 n - 3 potions of attraction {unknown}
 o - 3 potions of enlightenment {unknown}
 z - a potion of magic {unknown}
 B - a potion of heal wounds {unknown}
 F - 2 potions of lignification


   Skills:
 + Level 6.2(11.2) Fighting
 - Level 2.2(7.2) Dodging
 + Level 8.3(13.3) Unarmed Combat
 * Level 10.3 Shapeshifting


You had 9 spell levels left.
You didn't know any spells.
Your spell library contained the following spells:

 Spells                   Type           Power      Damage    Failure   Level
 Volatile Blastmotes      Fire/Tloc      0%         2d10      69%         3
 Fulminant Prism          Conj/Hex       0%         3d5       97%         4
 Iskenderun's Mystic Bla  Conj/Tloc      0%         2d3       97%         4


Dungeon Overview and Level Annotations

Branches:
Dungeon (8/15)             Temple (0/1) D:6          Bailey (visited)
   Lair: D:8-11

Altars:
Qazlal

Shops:
D:4 *

Annotations:
D:3 3 runed translucent doors, DApurpleWHUMPUS's ghost, amateur HuCj
D:4 2 runed translucent doors, Fractals's ghost, amateur KoHu
D:8 3 runed translucent doors, GreenGuy14's ghost, novice MiFi; Psyche


Innate Abilities, Weirdness & Mutations

You have blades for hands.
You are incapable of wielding weapons or throwing items.
You are too large for most types of armour.
((You have claws for hands.))
Your natural rate of healing is unusually fast.
You are covered in fur. (AC +1)
You have tough skin. (AC +1)
[Armour fits poorly on your strangely shaped body.]
[You are very vulnerable to heat. (rF--)]


Message History

The thrashing horror tramples you.
* * * LOW HITPOINT WARNING * * *
You stumble backwards!
The thrashing horror barely misses you. The thrashing horror tramples you.
* * * LOW HITPOINT WARNING * * *
You stumble backwards!
A large abomination comes into view.
Blink to where?
Press: ? - help, Dir - move target
As you read the scroll of blinking, it crumbles to dust.
As you read the scroll labelled VEAWNESEEXA, it dissolves into smoke.
It was a scroll of fog.
As you read the scroll labelled HASILO FIEMOFF, it crumbles to dust.
You assume a fearsome visage.
Nothing appears to happen.
It was a scroll of fear.
As you read the scroll labelled QACIECL SUNISS, it crumbles to dust.
It is a scroll of enchant weapon.
You aren't carrying any weapons that can be enchanted.
The thrashing horror barely misses you.
The thrashing horror closely misses you.
As you read the scroll labelled FUAHUG OBRU, it crumbles to dust.
You feel strangely unstable.
You feel the power of the Abyss delaying your translocation!
It was a scroll of teleportation.
The thrashing horror tramples you!
* * * LOW HITPOINT WARNING * * *
You stumble backwards!
The thrashing horror tramples you.
* * * LOW HITPOINT WARNING * * *
You stumble backwards!
You gain the combat prowess of a mighty hero.
You can no longer gain great but temporary skills.
The thrashing horror tramples you.
* * * LOW HITPOINT WARNING * * *
You hold your ground!
The thrashing horror closely misses you.
It was a potion of haste.
You feel yourself speed up.
The thrashing horror completely misses you.
The thrashing horror tramples you!
You die...

.. .X
.# .#
#. #§
.#
.##
#.
#.§#
.#..#
#.X.#
#@.#
####


You could see a thrashing horror and a large abomination.

Vanquished Creatures
  An orc knight (Bailey)
  2 kobold demonologists (Bailey)
  A hornet (D:7)
  Prince Ribbit (D:6)
  Eustachio (D:5)
  A wyvern (D:8)
  A steam dragon (D:8)
  Menkaure (D:5)
  Edmund (D:5)
  A water moccasin (D:7)
  An ice beast (D:8)
  7 orc warriors
  A black bear (D:4)
  An ogre (D:6)
  A phantom (D:4)
  A kobold brigand (D:8)
  Blork the orc (D:5)
  2 gnoll sergeants
  5 scorpions
  3 killer bees (D:7)
  A howler monkey (D:5)
  An electric eel (Bailey)
  4 hounds
  Crazy Yiuf (D:5)
  2 orc priests
  A gnoll bouda (D:6)
  2 jellies
  4 sleepcaps
  3 iguanas
  Jessica (D:3)
  8 orc wizards
  Ijyb (D:4)
  Robin (D:4)
  22 gnolls
  7 adders
  A shadow imp (D:8)
  2 white imps
  2 worms
  3 dart slugs
  34 orcs
  5 endoplasms
  2 giant cockroaches (D:4)
  31 goblins
  11 hobgoblins
  3 quokkas
  12 ball pythons
  5 bats
  2 frilled lizards
  14 kobolds
  4 rats
224 creatures vanquished.

Vanquished Creatures (others)
  4 starspawn tentacles (Abyss:2)
4 creatures vanquished.

Grand Total: 228 creatures vanquished

Notes
Turn   | Place    | Note
-------+----------+-------------------------------------------
     0 | D:1      | Rennog the Troll Shapeshifter began the quest for the Orb.
     0 | D:1      | Reached XP level 1. HP: 18/18 MP: 0/0
   129 | D:1      | Reached XP level 2. HP: 26/26 MP: 1/1
   947 | D:2      | Reached XP level 3. HP: 32/32 MP: 2/2
  1391 | D:3      | Reached skill level 1 in Fighting
  1607 | D:3      | Noticed a scorpion
  1653 | D:3      | Noticed Jessica
  1655 | D:3      | Killed Jessica
  1656 | D:3      | Reached XP level 4. HP: 41/41 MP: 3/3
  1770 | D:3      | Found a runed translucent gate.
  1772 | D:3      | Found a runed translucent gate.
  1784 | D:3      | Found a runed translucent gate.
  1788 | D:3      | Noticed DApurpleWHUMPUS's ghost (amateur HuCj)
  2059 | D:4      | Found a large runed translucent door.
  2059 | D:4      | Found a large runed translucent door.
  2119 | D:4      | Reached skill level 4 in Shapeshifting
  2167 | D:4      | Noticed a black bear
  2178 | D:4      | Killed a black bear
  2179 | D:4      | Reached XP level 5. HP: 13/49 MP: 4/4
  2331 | D:4      | Reached XP level 6. HP: 56/57 MP: 5/5
  2336 | D:4      | Noticed Robin
  2358 | D:4      | Killed Robin
  2429 | D:4      | Reached skill level 5 in Shapeshifting
  2552 | D:4      | Noticed Fractals's ghost (amateur KoHu)
  2669 | D:4      | Noticed Ijyb
  2676 | D:4      | Killed Ijyb
  2677 | D:4      | Reached XP level 7. HP: 61/66 MP: 6/6
  2716 | D:4      | Found Syt Seit's Assorted Antiques.
  2770 | D:5      | Entered Level 5 of the Dungeon
  2782 | D:5      | Reached skill level 5 in Unarmed Combat
  2918 | D:5      | Reached skill level 6 in Shapeshifting
  2933 | D:5      | Noticed Blork the orc
  3069 | D:5      | Noticed Eustachio
  3106 | D:5      | Killed Eustachio
  3107 | D:5      | Reached XP level 8. HP: 57/76 MP: 7/7
  3177 | D:5      | Noticed Menkaure
  3181 | D:5      | Killed Menkaure
  3222 | D:5      | Reached skill level 7 in Shapeshifting
  3333 | D:5      | Noticed Edmund
  3524 | D:5      | Killed Blork the orc
  3536 | D:5      | Killed Edmund
  3685 | D:5      | Found a runed translucent door.
  3686 | D:5      | Noticed Crazy Yiuf
  3993 | D:5      | Killed Crazy Yiuf
  4243 | D:6      | Noticed Prince Ribbit
  4348 | D:6      | Reached skill level 8 in Shapeshifting
  4410 | D:7      | Reached XP level 9. HP: 61/85 MP: 8/8
  4597 | D:7      | Found a flagged portal.
  4617 | D:7      | Reached skill level 5 in Fighting
  4656 | Bailey   | Entered a bailey
  4957 | Bailey   | Found an iron altar of Okawaru.
  4957 | Bailey   | Noticed a kobold demonologist
  4957 | Bailey   | Noticed an orc knight
  4958 | Bailey   | Acquired the +0 cloak "Kesias" {-Tele Drain rF++ rC+++}
  4971 | Bailey   | Reached skill level 9 in Shapeshifting
  4980 | Bailey   | Killed a kobold demonologist
  5032 | Bailey   | Killed an orc knight
  5180 | Bailey   | Noticed a kobold demonologist
  5223 | Bailey   | Noticed a rust devil
  5228 | Bailey   | Killed a kobold demonologist
  5229 | Bailey   | Reached XP level 10. HP: 26/98 MP: 9/9
  5322 | Bailey   | Became a worshipper of Warmaster Okawaru
  5368 | Bailey   | Identified the +10 quarterstaff "Xaor" {pain, rF+}
  5386 | Bailey   | Acquired 462 gold pieces
  5769 | D:6      | Found a stormy altar of Qazlal.
  5822 | D:6      | Killed Prince Ribbit
  5823 | D:6      | Reached skill level 10 in Shapeshifting
  5874 | D:6      | Found a staircase to the Ecumenical Temple.
  6351 | D:8      | Noticed GreenGuy14's ghost (novice MiFi)
  6356 | D:8      | Found a runed translucent gate.
  6356 | D:8      | Found a runed translucent gate.
  6356 | D:8      | Found a runed translucent gate.
  6696 | D:8      | Reached * piety under Okawaru
  6706 | D:8      | Noticed Psyche
  6709 | Abyss:1  | Cast into level 1 of the Abyss (Psyche)
  6713 | Abyss:1  | Noticed a rakshasa
  6770 | Abyss:2  | Noticed a water nymph
  6776 | Abyss:2  | Noticed a great orb of eyes
  6776 | Abyss:2  | Noticed a tentacled starspawn
  6783 | Abyss:2  | Noticed a large abomination
  6796 | Abyss:2  | Noticed a large abomination
  6799 | Abyss:2  | Noticed a large abomination
  6805 | Abyss:2  | Noticed a thrashing horror
  6805 | Abyss:2  | Noticed a wretched star
  6817 | Abyss:2  | Noticed a large abomination
  6827 | Abyss:2  | Slain by a thrashing horror

Illustrated notes

Levels and vault maps discovered:
D:1:      amcnicky_arrival_flooded_fountain, layout_loops_ring, serial_forest,
          infiniplex_forest_lined_3_way, infiniplex_forest_end_3,
          infiniplex_forest_lined_3, infiniplex_forest_lined_ring,
          infiniplex_forest_clump_small, infiniplex_forest_split,
          infiniplex_forest_clump_C, infiniplex_forest_end_2
D:2:      layout_loops_ring, minmay_tetromino_t2
D:3:      layout_loops_ring, ebering_ghost_rock_garden, lightli_corner_chamber,
          uniq_jessica
D:4:      layout_gridville, ebering_ghost_disaster_area, serial_shops, shop,
          uniq_ijyb, uniq_robin
D:5:      layout_basic, water_maze_lemuel, uniq_eustachio, uniq_menkaure,
          uniq_edmund, uniq_blork_the_orc, uniq_crazy_yiuf_cottage
D:6:      layout_rooms, grunt_qazlal_clouds, minmay_temple_entry_gardened_gates,
          uniq_prince_ribbit1
D:7:      layout_rooms, enter_bailey_5
D:8:      layout_basic, gammafunk_ghost_split, uniq_psyche
Abyss:2:  base: D:2, bh_silent_lugonu_exit, gammafunk_abyss_exit_x_factor

Skill      XL: |  1  2  3  4  5  6  7  8  9 10 |
---------------+-------------------------------+-----
Fighting       | 1 2 3 4 5 6 |  6.2
Dodging        | 2 |  2.2
Shapeshifting  | 4 5 6 8 9 10 | 10.3
Unarmed Combat | 4 5 6 7 8 |  8.3

Action                     |  1- 3 |  4- 6 |  7- 9 | 10-12 || total
---------------------------+-------+-------+-------+-------++-------
  Melee: Unarmed           |    68 |   115 |   353 |    77 ||   613
         Punch             |       |     1 |     8 |     5 ||    14
 Invoke: Heroism           |       |       |       |     1 ||     1
  Evoke: Wand              |       |       |     3 |       ||     3
    Use: Potion            |       |       |     2 |     1 ||     3
         Scroll            |       |       |     7 |    10 ||    17
   Stab: Sleeping          |     1 |       |       |       ||     1
         Distracted        |       |     1 |       |       ||     1
 Armour: Animal skin       |    45 |    93 |   287 |    58 ||   483
         Skin              |       |       |    60 |       ||    60
  Dodge: Dodged            |    24 |    58 |   177 |    28 ||   287
   Form: Beast             |     1 |       |       |       ||     1
         Flux              |       |       |     1 |       ||     1
         Blade             |       |       |     1 |       ||     1

Table legend: (Time is in decaauts)
 A = Elapsed time spent in this place.
 B = Non-inter-level travel time spent in this place.
 C = Inter-level travel time spent in this place.
 D = Time resting spent in this place.
 E = Time spent auto-exploring this place.
 F = Levels seen in this place.
 G = Mean time per level.
                   A        B        C        D        E       F      G
               +--------+--------+--------+--------+--------+-----+--------+
         Total |   6784 |   6353 |    431 |    476 |   4147 |  11 |  616.7 |
       Dungeon |   5945 |   5514 |    431 |    263 |   4041 |   8 |  743.1 |
         Abyss |    117 |    117 |      0 |      0 |      0 |   2 |   58.5 |
        Bailey |    721 |    721 |      0 |    213 |    106 |   1 |  721.0 |
               +--------+--------+--------+--------+--------+-----+--------+

Top non-repeatable levels by time:
     D:5: 1203 daAuts
     D:1: 812 daAuts
     D:4: 755 daAuts
     D:3: 731 daAuts
  Bailey: 721 daAuts
     D:7: 695 daAuts
     D:6: 615 daAuts
     D:2: 570 daAuts
     D:8: 561 daAuts
 Abyss:2: 92 daAuts
 Abyss:1: 24 daAuts
